 Dungeon Sprint DCSS version 0.27-a0-1154-gfdeffcb720 (webtiles) character file.

Game seed: 7218666464409395990

3100000 Zeld the Intangible (level 22, -83/190 HPs)
             Began as an Octopode Gladiator on May 14, 2021.
             Was a High Priest of Makhleb.
             Annihilated by a large bag of meat
             ... wielding a +9 giant spiked club
              (125 damage)
             ... in the Dungeon (Sprint VIII: "Arena of Blood").
             The game lasted 00:01:20 (31 turns).

Zeld the Intangible (Octopode Gladiator)              Turns: 31, Time: 00:01:21

Health: -83/190    AC:  1    Str: 21    XL:     22   Next: 70%
Magic:  20/39      EV: 27    Int: 12    God:    Makhleb [*****.]
Gold:   0          SH:  0    Dex: 14    Spells: 21/21 levels left

rFire    . . .     SeeInvis .   i - +∞ Axe of Woe
rCold    . . .     Faith    .   (shield currently unavailable)
rNeg     . . .     Spirit   .   a - +0 hat
rPois    .         Reflect  .   (no amulet)
rElec    .         Harm     .   (no ring)
rCorr    .         Rampage  .   (no ring)
Will     +....     NoTele   +   (no ring)
Stlth    ++........             (no ring)
HPRegen  0.41/turn              (no ring)
MPRegen  0.26/turn              (no ring)
                                (no ring)
                                (no ring)

@: no status effects
A: almost no armour, amphibious, 8 rings, camouflage 1, gelatinous body 1,
(nimble swimmer 1), tentacles
a: Renounce Religion, Minor Destruction, Lesser Servant of Makhleb, Major
Destruction, Greater Servant of Makhleb


You were in the Dungeon.
You worshipped Makhleb.
Makhleb was extremely pleased with you.
You visited 1 branch

Inventory:

Hand Weapons
 i - the +∞ Axe of Woe (weapon)
   (You found it in the Dungeon)
Armour
 a - a +0 hat (worn)
Scrolls
 h - a scroll of blinking
Potions
 c - a potion of curing
 d - a potion of heal wounds
 e - a potion of haste
 f - 2 potions of magic
 g - a potion of berserk rage


   Skills:
 O Level 27 Fighting
 O Level 27 Axes
 O Level 27 Maces & Flails
 O Level 27 Polearms
 * Level 24.1(27) Slings
 O Level 27 Throwing
 O Level 27 Dodging
 O Level 27 Unarmed Combat
 O Level 27 Invocations


You had 21 spell levels left.
You didn't know any spells.
Your spell library was empty.

Dungeon Overview and Level Annotations

Branches:
Dungeon (1/1)

Altars:
Makhleb


Innate Abilities, Weirdness & Mutations

You cannot wear most types of armour.
You are amphibious.
You can wear up to eight rings at the same time.
Your skin changes colour to match your surroundings (Stealth+).
Your rubbery body absorbs attacks. (AC +1, EV +1)
((You are camouflaged near water. (Stealth+)))
You have tentacles for arms and can constrict up to eight enemies at once.


Message History

You kill the bag of meat!
Makhleb accepts your kill.
You feel better.
You are engulfed in blazing flames.
You hear a shout! x10
Your base Slings skill gained 4 levels and is now at level 21!
Unknown command.
Press < or > to pray at altars.
Unknown command.
Press < or > to pray at altars.
Unknown command.
Press < or > to pray at altars.
You hit the bag of meat.
You pulverise the bag of meat into a thin bloody mist.
You kill the bag of meat!
Makhleb accepts your kill.
You feel better.
The destroyer appears out of thin air!
A destroyer comes into view. It is wielding a +9 vorpal great sword.
You are engulfed in blazing flames.
The destroyer shouts!
You hear a shout! x2
Your balrug hits the large bag of meat with a +2 demon whip of venom!
Flame seeps out of the large bag of meat.
The large bag of meat is engulfed in flames!
Flame seeps out of the large bag of meat.
The large bag of meat is poisoned.
The large bag of meat is engulfed in blazing flames.
You hear a shout! x2
Your base Slings skill gained 3 levels and is now at level 24!
Unknown command.
Press < or > to pray at altars.
Okay, then.
A demon appears!
You are engulfed in blazing flames.
You hear a shout! x3
Your balrug closely misses the large bag of meat.
You hear a shout!
The large bag of meat is engulfed in blazing flames.
The large bag of meat hits you with a +9 giant spiked club!!!
* * * LOW HITPOINT WARNING * * *
The large bag of meat hits you with a +9 giant spiked club!!!!
Ouch! That really hurt!
You die...

..... .. #...
.# . #... ..#
..###... ..###.
......###......
..§2§_......
#O§...# #@°§._#
#2§...#
...o._..z...
......###......
.o###... ..###.
. #... ..# #...
.# V.... ..


You could see a destroyer, a sculptor of flesh, a large bag of meat (inner
flame, very poisoned, ally target), a bag of meat, a friendly balrug (summoned)
and a friendly green death (summoned).

Vanquished Creatures
  A vampire knight (D)
  7 ogres (D)
  2 two-headed ogres (D)
  15 orcs (D)
25 creatures vanquished.

Notes
Turn   | Place    | Note
-------+----------+-------------------------------------------
     0 | D        | Found the +∞ Axe of Woe
     0 | D        | Zeld the Octopode Gladiator began the quest for the Orb.
     0 | D        | Reached XP level 1. HP: 14/14 MP: 1/1
     1 | D        | Noticed a bag of meat
     2 | D        | Noticed a meat berserker
     3 | D        | Became a worshipper of Makhleb the Destroyer
     4 | D        | Noticed a meat berserker
     6 | D        | Killed a meat berserker
     6 | D        | Noticed a meat berserker
     6 | D        | Noticed a bag of meat
     6 | D        | Noticed a bag of meat
     7 | D        | Reached XP level 2. HP: 35/35 MP: 2/2
     7 | D        | Reached XP level 3. HP: 40/40 MP: 3/3
     7 | D        | Reached XP level 4. HP: 46/46 MP: 4/4
     7 | D        | Reached XP level 5. HP: 52/52 MP: 5/5
     7 | D        | Reached XP level 6. HP: 58/58 MP: 6/6
     7 | D        | Reached XP level 7. HP: 63/63 MP: 7/7
     7 | D        | Reached XP level 8. HP: 69/69 MP: 8/8
     7 | D        | Reached XP level 9. HP: 74/74 MP: 9/9
     7 | D        | Reached XP level 10. HP: 81/81 MP: 10/10
     7 | D        | Reached XP level 11. HP: 86/86 MP: 11/11
     7 | D        | Reached XP level 12. HP: 92/92 MP: 12/12
     7 | D        | Reached XP level 13. HP: 98/98 MP: 13/13
     8 | D        | Killed a meat berserker
     8 | D        | Reached * piety under Makhleb
     8 | D        | Noticed a bag of meat
     8 | D        | Noticed a bag of meat
     9 | D        | Reached XP level 14. HP: 74/108 MP: 14/14
     9 | D        | Killed a bag of meat
     9 | D        | Killed a meat berserker
     9 | D        | Noticed a bag of meat
    10 | D        | Reached skill level 10 in Axes
    10 | D        | Reached skill level 15 in Throwing
    10 | D        | Reached XP level 15. HP: 82/118 MP: 15/15
    10 | D        | Reached XP level 16. HP: 86/125 MP: 16/16
    10 | D        | Reached ** piety under Makhleb
    10 | D        | Noticed a meat berserker
    11 | D        | Noticed a meat berserker
    12 | D        | Reached skill level 27 in Dodging
    12 | D        | Reached skill level 27 in Unarmed Combat
    14 | D        | Reached skill level 15 in Axes
    14 | D        | Reached XP level 17. HP: 106/139 MP: 17/17
    14 | D        | Reached *** piety under Makhleb
    15 | D        | Killed a meat berserker
    15 | D        | Killed a meat berserker
    15 | D        | Noticed a meat berserker
    16 | D        | Reached XP level 18. HP: 152/157 MP: 17/31
    18 | D        | Reached **** piety under Makhleb
    19 | D        | Noticed a large bag of meat
    20 | D        | Killed a meat berserker
    21 | D        | Reached skill level 27 in Fighting
    21 | D        | Reached XP level 19. HP: 134/170 MP: 18/35
    21 | D        | Noticed a meat berserker
    24 | D        | Killed a meat berserker
    24 | D        | Reached ***** piety under Makhleb
    25 | D        | Reached skill level 27 in Axes
    25 | D        | Reached skill level 27 in Throwing
    25 | D        | Reached skill level 27 in Invocations
    25 | D        | Reached skill level 15 in Maces & Flails
    25 | D        | Reached XP level 20. HP: 149/177 MP: 19/37
    26 | D        | Noticed a large bag of meat
    26 | D        | Noticed a large bag of meat
    27 | D        | Reached XP level 21. HP: 183/183 MP: 19/38
    27 | D        | Noticed a destroyer
    28 | D        | Killed a large bag of meat
    28 | D        | Killed a large bag of meat
    28 | D        | Killed a destroyer
    29 | D        | Reached skill level 27 in Maces & Flails
    29 | D        | Reached skill level 27 in Polearms
    29 | D        | Reached XP level 22. HP: 109/190 MP: 20/39
    30 | D        | Noticed a destroyer
    31 | D        | Annihilated by a large bag of meat

Illustrated notes

Levels and vault maps discovered:
D:        meatsprint

Skill      XL: |  1  2  3  4  5  6  7  8  9 10 11 12 13 14 15 16 17 18 19 20 21 22 |
---------------+-------------------------------------------------------------------+-----
Fighting       | 12 14 16 19 24 27 | 27.0
Axes           | 4 6 10 15 21 25 27 | 27.0
Throwing       | 11 13 15 17 20 23 27 | 27.0
Dodging        | 19 22 25 27 | 27.0
Unarmed Combat | 20 22 25 27 | 27.0
Invocations    | 18 24 27 | 27.0
Maces & Flails | 15 23 27 | 27.0
Polearms       | 27 | 27.0
Slings         | 17 24 | 24.1

Action                   |  1- 3 |  4- 6 |  7- 9 | 10-12 | 13-15 | 16-18 | 19-21 | 22-24 || total
-------------------------+-------+-------+-------+-------+-------+-------+-------+-------++-------
Melee: Executioner's axe |     1 |       |       |       |     2 |     7 |     3 |     2 ||    15
Invok: Lesser Servant of |       |       |       |       |       |       |     2 |       ||     2
       Greater Servant o |       |       |       |       |       |       |     1 |     1 ||     2
Dodge: Dodged            |       |       |       |       |       |     1 |     1 |       ||     2

Table legend: (Time is in decaauts)
 A = Elapsed time spent in this place.
 B = Non-inter-level travel time spent in this place.
 C = Inter-level travel time spent in this place.
 D = Time resting spent in this place.
 E = Time spent auto-exploring this place.
 F = Levels seen in this place.
 G = Mean time per level.
                   A        B        C        D        E       F      G
               +--------+--------+--------+--------+--------+-----+--------+
         Total |     33 |     33 |      0 |      0 |      0 |   1 |   33.0 |
       Dungeon |     33 |     33 |      0 |      0 |      0 |   1 |   33.0 |
               +--------+--------+--------+--------+--------+-----+--------+

Top non-repeatable levels by time:
       D: 33 daAuts
